Map: Acropolis LE

Players

Smeeeger

  • Race: Zerg Zerg
  • League: Platinum
  • Spawn Location: 11:00

DruidMDT - Winner!

  • Race: Terran Terran
  • League: Platinum
  • Spawn Location: 5:00

VOD

Have the link to the VOD?

Description

Time

  • Played on: July 19, 2019, 4:25 p.m.
  • Length: 12:35
Show
View Real Time Build Order
Export as new Build Order

Smeeeger Zerg 

Build Orders: Hatch First, Swarm Host 

Get SALT Encoding   

  12  0:01  Drone  
  13  0:13  Overlord  
  13  0:22  Drone  
  14  0:38  Drone x2  
  14  0:39  Drone  
  17  0:49  Drone  
  18  0:58  Hatchery  
  18  1:04  Drone, Extractor  
  17  1:17  Spawning Pool  
  16  1:21  Drone  
  16  1:22  Drone  
  18  1:32  Drone  
  19  1:54  Overlord  
  19  2:03  Queen  
  19  2:05  Zergling x2  
  22  2:10  Zergling x2  
  22  2:12  Queen  
  25  2:19  Metabolic Boost  
  25  2:21  Drone x2  
  25  2:22  Drone  
  28  2:33  Drone x2  
  30  2:39  Queen  
  32  2:45  Drone x2  
  34  3:09  Queen  
  34  3:12  Overlord x2  
  36  3:25  Overlord  
  36  3:26  Overlord  
  35  3:38  Drone x4  
  35  3:39  Drone  
  40  3:43  Roach Warren, Evolution Chamber  
  40  3:48  Drone, Lair  
  38  3:50  Drone  
  38  3:52  Hatchery  
  39  4:05  Drone x4  
  39  4:07  Extractor  
  39  4:08  Spore Crawler  
  39  4:09  Extractor  
  40  4:10  Spore Crawler  
  40  4:11  Drone x2  
  41  4:22  Drone x2  
  41  4:23  Drone  
  44  4:29  Extractor  
  44  4:31  Drone x3  
  44  4:32  Overlord  
  44  4:34  Overlord  
  46  4:41  Overlord  
  46  4:42  Overlord  
  46  4:45  Drone x2  
  48  4:49  Zerg Missile Weapons Level 1  
  48  4:56  Drone x2  
  48  4:57  Overlord  
  50  5:05  Roach x3  
  56  5:08  Glial Reconstitution  
  56  5:13  Overseer  
  56  5:16  Drone x2  
  58  5:25  Queen  
  58  5:26  Drone x3  
  58  5:27  Drone  
  64  5:35  Baneling Nest  
  64  5:38  Drone x3  
  64  5:39  Drone x2  
  64  5:42  Drone x3  
  71  5:43  Drone  
  71  5:46  Overseer  
  71  5:48  Pneumatized Carapace  
  72  5:54  Drone x3, Overlord  
  75  6:14  Roach, Extractor  
  75  6:15  Roach x5, Extractor  
  75  6:17  Ravager  
  75  6:18  Ravager x2  
  88  6:22  Overlord x3  
  88  6:23  Overlord x2  
  88  6:26  Drone x2  
  88  6:27  Drone  
  91  6:35  Roach x3  
  97  6:50  Zerg Missile Weapons Level 2, Nydus Network  
  97  6:53  Drone x3  
  99  6:54  Overlord x3  
  99  6:55  Roach  
  99  6:56  Roach x2  
  105  7:07  Spore Crawler  
  104  7:13  Roach x4  
  104  7:14  Roach x2  
  116  7:26  Hatchery  
  115  7:39  Nydus Canal  
  115  7:44  Roach x12  
  139  7:58  Overseer  
  139  8:01  Overlord x2  
  139  8:03  Zergling x10  
  144  8:11  Nydus Canal  
  144  8:27  Zergling x16  
  144  8:31  Hatchery, Centrifical Hooks  
  151  8:39  Nydus Canal  
  151  8:49  Infestation Pit  
  151  8:54  Baneling x14  
  151  8:55  Baneling x7  
  150  8:57  Drone x2  
  152  9:26  Swarm Host  
  152  9:27  Swarm Host x12  
  191  9:54  Nydus Canal  
  191  10:05  Overseer  
  178  10:58  Overseer  
  173  11:12  Nydus Canal  
  173  11:16  Drone x19  
  173  11:17  Drone x2  
  195  11:25  Drone  
  186  12:04  Roach x4  
  184  12:14  Roach x11  
  184  12:15  Roach x2  
Show
View Real Time Build Order
Export as new Build Order

DruidMDT Terran - Winner!

Build Orders: 2 Factory, Gas First Reaper Expand, Mech 

Get SALT Encoding   

  12  0:01  SCV  
  13  0:13  SCV  
  14  0:18  Supply Depot  
  14  0:25  SCV  
  15  0:32  Refinery  
  15  0:42  Barracks  
  15  0:45  SCV  
  16  0:58  SCV  
  17  1:10  SCV  
  18  1:22  SCV  
  19  1:29  Reaper  
  20  1:34  Orbital Command  
  20  1:51  Command Center  
  20  2:04  SCV  
  21  2:12  Barracks Tech Lab  
  21  2:17  Supply Depot x2  
  21  2:27  Factory  
  21  2:31  Refinery  
  20  2:43  SCV  
  21  2:55  SCV  
  22  3:07  Factory, SCV  
  22  3:09  Orbital Command  
  23  3:16  Factory Tech Lab  
  23  3:24  SCV  
  24  3:35  Orbital Command  
  24  3:36  SCV  
  25  3:48  Siege Tank  
  28  4:05  SCV x2  
  28  4:06  Supply Depot  
  28  4:08  Siege Tank  
  28  4:09  Supply Depot  
  33  4:14  Supply Depot  
  33  4:16  Supply Depot  
  33  4:17  SCV  
  33  4:23  Refinery  
  34  4:29  Siege Tank  
  37  4:36  Refinery  
  37  4:40  Siege Tank  
  40  4:52  Armory  
  40  4:55  SCV  
  41  5:15  SCV x2  
  43  5:24  Command Center  
  43  5:27  Factory  
  43  5:29  Factory  
  43  5:38  SCV x2  
  45  5:50  SCV  
  45  5:54  SCV  
  47  5:59  Supply Depot  
  47  6:01  Supply Depot  
  47  6:02  SCV  
  48  6:07  Supply Depot  
  48  6:22  Supply Depot  
  48  6:26  Supply Depot  
  48  6:29  SCV  
  48  6:30  SCV  
  48  6:31  Supply Depot  
  50  6:33  Thor  
  50  6:36  Thor  
  50  6:39  Factory Reactor  
  62  6:40  Factory Tech Lab  
  62  6:47  Orbital Command  
  62  6:57  Terran Vehicle Weapons Level 1, Engineering Bay  
  62  7:04  SCV x2  
  64  7:13  Thor  
  70  7:32  SCV x2  
  70  7:33  SCV  
  70  7:35  Thor  
  79  7:43  Armory  
  81  7:44  SCV x2  
  81  7:52  Missile Turret  
  81  7:58  Missile Turret  
  81  7:59  Missile Turret  
  81  8:02  Missile Turret  
  81  8:07  Missile Turret x2  
  81  8:08  Missile Turret  
  81  8:10  Missile Turret  
  81  8:11  Thor x2  
  93  8:16  Infernal Pre-Igniter  
  93  8:22  SCV x2  
  95  8:28  Smart Servos  
  95  8:32  Hellbat x2  
  99  8:44  Orbital Command  
  99  8:47  Thor  
  105  8:54  Thor  
  111  8:56  Hellbat x2  
  115  9:10  SCV  
  115  9:11  SCV x2  
  118  9:19  Terran Vehicle Weapons Level 2  
  118  9:20  Terran Vehicle And Ship Armor Level 1  
  118  9:22  Neosteel Armor  
  118  9:23  SCV x3  
  121  9:25  Hellbat x2  
  121  9:26  Hellbat  
  121  9:31  Hellbat  
  129  9:33  Factory  
  129  9:34  Factory  
  129  9:35  SCV x2  
  129  9:36  Refinery  
  131  9:38  Refinery  
  131  9:44  Thor  
  137  9:53  Hellbat x2  
  141  10:00  Supply Depot  
  141  10:14  Thor  
  147  10:15  Hellbat  
  149  10:22  Supply Depot  
  149  10:23  Supply Depot  
  149  10:24  Supply Depot  
  149  10:27  SCV x3  
  150  10:38  Orbital Command  
  150  10:39  SCV x2  
  150  10:40  SCV  
  151  10:48  Supply Depot  
  151  10:51  SCV x2  
  144  11:03  SCV x2  
  144  11:04  SCV  
  141  11:10  Refinery  
  141  11:12  Thor  
  141  11:13  Hellbat  
  141  11:14  Hellbat  
  141  11:15  SCV x2  
  141  11:16  SCV  
  141  11:17  Factory Reactor  
  154  11:20  Factory Tech Lab  
  154  11:27  Thor, SCV  
  154  11:28  Hellbat, SCV x2  
  165  11:35  Hellbat x2  
  165  11:39  Supply Depot  
  169  11:40  Supply Depot  
  169  11:42  Refinery  
  149  12:12  Hellbat  
  149  12:14  Hellbat  
Tags
 
Add a new tag
Caveats
  • Supply blocks, unpowered buildings, or Contaminate may cause inaccurate times.
  • Supply counts are checked every 10 seconds.